 Dungeon Crawl Stone Soup version 0.17.1-3-g152610e (webtiles) character file.

3132 Enish the Martial Artist (level 9, -4/50 HPs)
             Began as a Tengu Monk on Apr 25, 2016.
             Was a Priest of Qazlal.
             Slain by Erolcha
             ... wielding a +0 giant club
              (21 damage)
             ... on level 8 of the Dungeon.
             The game lasted 00:17:17 (7936 turns).

Enish the Martial Artist (Tengu Monk)               Turns: 7936, Time: 00:17:17

Health: -4/50      AC:  9    Str: 15    XL:     9   Next: 92%
Magic:  11/11      EV: 19    Int: 10    God:    Qazlal [***...]
Gold:   215        SH:  6    Dex: 17    Spells: 1 memorised, 8 levels left

rFire  . . .     SeeInvis .       - Unarmed
rCold  . . .     Clarity  .     a - +0 robe
rNeg   . . .     SustAt   .     (no shield)
rPois  +         Gourm    .     (helmet restricted)
rElec  .         Spirit   .     (no cloak)
rCorr  .         Warding  .     (no gloves)
rMut   .         Stasis   .     (boots unavailable)
MR     .....                    (no amulet)
Stlth  ++........               A - +1 ring of slaying
                                j - +5 ring of protection

@: slowed, very slow, not resistant to hostile enchantments, unstealthy
A: beak, talons 3, large bone plates 1, blurry vision 1, poison resistance, able
to fly 1
a: Fly, Upheaval, Elemental Force, Renounce Religion


You were on level 8 of the Dungeon.
You worshipped Qazlal.
Qazlal was most pleased with you.
You were not hungry.

You visited 1 branch of the dungeon, and saw 8 of its levels.

You collected 435 gold pieces.
You spent 220 gold pieces at shops.

Inventory:

Missiles
 g - 5 javelins (quivered)
 m - 12 tomahawks
Armour
 a - a +0 robe (worn)
Jewellery
 j - a +5 ring of protection (left hand)
 k - an uncursed ring of wizardry
 q - an uncursed ring of ice {unknown}
 y - an uncursed ring of protection from magic
 A - a +1 ring of slaying (right hand)
 C - an uncursed ring of stealth
 G - an uncursed amulet of guardian spirit {unknown}
Wands
 x - a wand of polymorph (11)
 I - a wand of flame (12)
Scrolls
 e - 2 scrolls of blinking
 f - a scroll of fog
 i - 4 scrolls of enchant weapon
 l - 6 scrolls of teleportation
 n - a scroll of fear
 o - 6 scrolls of magic mapping
 p - 4 scrolls of noise {unknown}
 r - 5 scrolls of remove curse
 w - a scroll of enchant armour {unknown}
 z - a scroll of identify
 D - 2 scrolls of immolation {unknown}
 E - a scroll of random uselessness {unknown}
Potions
 d - a potion of flight {unknown}
 s - 2 potions of beneficial mutation {unknown}
 t - a potion of agility {unknown}
 u - 2 potions of lignification
 v - 3 potions of poison {unknown}
 B - a potion of brilliance
Books
 H - a book of Hinderance

   Spells                             Type                      Level
   a - Confusing Touch                Hexes                        2
   b - Confuse                        Hexes                        3
   c - Gell's Gravitas                Hexes/Translocation          3
   d - Petrify                        Transmutation/Earth          4
   e - Metabolic Englaciation         Hexes/Ice                    5
Comestibles
 b - 8 bread rations
 h - 4 meat rations
 F - a royal jelly


   Skills:
 - Level 3.0 Fighting
 - Level 1.0 Throwing
 - Level 9.3 Dodging
 - Level 2.0 Stealth
 * Level 12.2 Unarmed Combat
 - Level 1.0 Spellcasting


You had 8 spell levels left.
You knew the following spells:

 Your Spells              Type           Power        Failure   Level  Hunger
a - Confusing Touch       Hex            #.....       61%         2    ###....


Dungeon Overview and Level Annotations

Branches:
Dungeon (8/15)             Temple (0/1) D:4
   Lair: D:8-11

Altars:
Elyvilon
Fedhas
Qazlal
Zin

Shops:
D:7 :

Annotations:
D:8 Erolcha, Maurice


Innate Abilities, Weirdness & Mutations

You have a beak for a mouth.
You have claws for feet.
You can fly.
You are partially covered in large bone plates (AC +2, SH +2).
Scrolls take you a little longer to read.
Your system is resistant to poisons.


Message History

No target in view!
No target in view!
Something hits you!!
You hit something but do no damage. You claw something.
Something barely misses you.
You hit something. Your kick misses something. You peck something.
Something hits you!
* * * LOW HITPOINT WARNING * * *
You closely miss something. Your kick misses something. You block its attack.
Drink which item? (? for menu, Esc to quit)
You feel better. Something hits you!
* * * LOW HITPOINT WARNING * * *
Drink which item? (? for menu, Esc to quit)
You feel better. You block its attack.
Drink which item? (? for menu, Esc to quit)
Okay, then.
Read which item? (? for menu, Esc to quit)
Really read with blurry vision while enemies are nearby?
Something hits you!!
You die...

### #.. #####.. ##......
#################...##..
........ยง..!............
#.{@..[..####...####
........####.# #.......
....#.#.# #.# #.......
......... #.# #....... #
###.#.. #.# #.......
#.#..# #.# ##....... #
#... ...>......... ##.#
####....... #######.


There were no monsters in sight!

Vanquished Creatures
  Edmund (D:6)
  3 black bears
  A sky beast (D:8)
  3 phantoms
  3 ice beasts
  2 centaurs (D:7)
  2 ogres (D:7)
  A big kobold (D:8)
  A giant frog (D:6)
  4 scorpions
  8 wights
  3 centaur zombies (D:5)
  4 crimson imps
  2 iguanas
  An orc priest (D:4)
  Ijyb (D:3)
  3 giant frog skeletons
  Jessica (D:3)
  A centaur skeleton (D:4)
  3 hounds
  Terence (D:3)
  7 orc wizards
  A worker ant (D:7)
  A killer bee zombie (D:7)
  A hound zombie (D:5)
  15 adders
  A shadow imp (D:5)
  3 worms
  An adder skeleton (D:4)
  An adder zombie (D:5)
  2 giant geckos
  23 orcs
  4 giant cockroaches
  16 goblins
  9 hobgoblins
  13 jackals
  3 quokkas
  3 ball pythons
  9 bats
  2 giant gecko skeletons
  A giant gecko zombie (D:5)
  5 giant newts
  14 kobolds
  A quokka zombie (D:6)
  8 rats
193 creatures vanquished.

Notes
Turn   | Place    | Note
--------------------------------------------------------------
     0 | D:1      | Enish the Tengu Monk began the quest for the Orb.
     0 | D:1      | Reached XP level 1. HP: 14/14 MP: 2/2
   656 | D:1      | Reached XP level 2. HP: 19/19 MP: 3/3
  1011 | D:1      | Reached skill level 5 in Unarmed Combat
  1151 | D:2      | Reached skill level 1 in Throwing
  1222 | D:2      | Reached XP level 3. HP: 19/23 MP: 4/4
  1570 | D:2      | Found a blossoming altar of Fedhas.
  1749 | D:2      | Reached XP level 4. HP: 28/28 MP: 5/5
  1935 | D:2      | Reached skill level 6 in Unarmed Combat
  2836 | D:3      | Noticed Terence
  2847 | D:3      | Gained mutation: You can fly. [Tengu growth]
  2847 | D:3      | Reached XP level 5. HP: 32/32 MP: 6/6
  2874 | D:3      | Killed Terence
  2881 | D:3      | Gained mutation: Scrolls take you a little longer to read. [potion of mutation]
  2881 | D:3      | Gained mutation: Your system is resistant to poisons. [potion of mutation]
  2881 | D:3      | Gained mutation: You are partially covered in large bone plates (AC +2, SH +2). [potion of mutation]
  2888 | D:3      | Reached skill level 7 in Unarmed Combat
  2891 | D:3      | Noticed Ijyb
  2920 | D:3      | Killed Ijyb
  2920 | D:3      | Reached XP level 6. HP: 37/37 MP: 7/7
  3048 | D:3      | Noticed Jessica
  3051 | D:3      | Killed Jessica
  3056 | D:3      | Found a faded altar to an unknown god.
  3174 | D:3      | Noticed an ice beast
  3182 | D:3      | Killed an ice beast
  3182 | D:3      | Reached skill level 8 in Unarmed Combat
  3565 | D:4      | Found a stormy altar of Qazlal.
  3573 | D:4      | Became a worshipper of Qazlal Stormbringer
  3573 | D:4      | Reached * piety under Qazlal
  3573 | D:4      | Reached ** piety under Qazlal
  3670 | D:4      | Reached XP level 7. HP: 41/41 MP: 8/8
  3680 | D:4      | Reached skill level 9 in Unarmed Combat
  4009 | D:4      | Found a staircase to the Ecumenical Temple.
  4309 | D:5      | Entered Level 5 of the Dungeon
  4514 | D:5      | Reached skill level 10 in Unarmed Combat
  4740 | D:5      | Reached XP level 8. HP: 46/46 MP: 9/9
  5341 | D:6      | Noticed Edmund
  5356 | D:6      | Killed Edmund
  5393 | D:6      | Reached skill level 11 in Unarmed Combat
  6028 | D:6      | Reached skill level 5 in Dodging
  6490 | D:6      | Reached XP level 9. HP: 46/50 MP: 10/10
  7029 | D:7      | Reached *** piety under Qazlal
  7491 | D:7      | Found a glowing silver altar of Zin.
  7513 | D:7      | Found Edwai's Book Shoppe.
  7521 | D:7      | Bought a book of Hinderance for 220 gold pieces
  7524 | D:7      | Learned a level 2 spell: Confusing Touch
  7525 | D:7      | Found a white marble altar of Elyvilon.
  7661 | D:8      | Noticed Maurice
  7812 | D:8      | Reached skill level 1 in Spellcasting
  7825 | D:8      | Reached skill level 12 in Unarmed Combat
  7926 | D:8      | Noticed Erolcha
  7936 | D:8      | Slain by Erolcha

Action                   |  1- 3 |  4- 6 |  7- 9 || total
-------------------------+-------+-------+-------++-------
Melee: Unarmed           |    97 |   157 |   360 ||   614
Throw: Javelin           |     4 |    15 |       ||    19
       Tomahawk          |       |    16 |       ||    16
 Abil: Fly               |       |     1 |       ||     1
  Use: Potion            |       |     5 |     2 ||     7
       Scroll            |       |     7 |     1 ||     8
 Stab: Sleeping          |    11 |     3 |       ||    14
       Distracted        |       |     2 |       ||     2
  Eat: Chunk             |     2 |     5 |     8 ||    15
       Fruit             |     1 |       |     2 ||     3
       Beef jerky        |       |       |     2 ||     2
       Royal jelly       |       |       |     1 ||     1
